 Dungeon Crawl Stone Soup version 0.31-a0-240-gb923e448b6 (webtiles) character file.

Game seed: 11316996012390908685

13902 Nattfarinn the Grappler (level 11, -2/84 HPs)
             Began as an Armataur Shapeshifter on July 12, 2023.
             Was an Initiate of Gozag.
             Shot with an arrow by a centaur (14 damage)
             ... on level 12 of the Dungeon.
             The game lasted 00:20:21 (11644 turns).

Nattfarinn the Grappler (Armataur Shapeshifter)    Turns: 11644, Time: 00:20:21

Health: -2/84      AC:  8    Str: 29    XL:     11   Next: 81%
Magic:  20/20      EV: 15    Int: 12    God:    Gozag
Gold:   1404       SH:  0    Dex: 15    Spells: 10/10 levels left

rFire   . .          .
                       - Unarmed
rCold   . . .        (no shield)
rNeg    . . .        D - +4 robe of Augmentation {Str+4 Int+4 Dex+4}
rPois   .            (helmet currently unavailable)
rElec   .            (cloak currently unavailable)
rCorr   .            (gloves currently unavailable)
SInv    .            (no barding)
Will    .....        N - amulet of magic regeneration
Stlth   +            y - ring of magical power
HPRegen 0.34/turn    B - +5 ring of evasion
MPRegen 0.57/turn

%: roll
@: beast-form
A: beast (slay +6), large, rugged brown scales 3, deformed body, armoured tail,
roll, long tongue, awkward tongue
a: Renounce Religion, Potion Petition, Call Merchant, Bribe Branch


You were on level 12 of the Dungeon.
You worshipped Gozag.
Gozag was most pleased with you.
You were a hulking beast.
You visited 3 branches of the dungeon, and saw 14 of its levels.
You also visited: Ossuary.

You collected 1836 gold pieces.
You spent 329 gold pieces at shops.
You paid 103 gold pieces to Gozag.

Inventory:

Hand Weapons
 Q - the +5 orcbow of Iconoclasm {elec, Dex+2 SInv Stlth+}
   (You bought it in a shop on level 11 of the Dungeon)

   Dex:       It affects your dexterity (+2).
   SInv:      It lets you see invisible.
   Stlth:     It makes you more stealthy.
Missiles
 O - 4 throwing nets
Armour
 a - a +0 animal skin
 D - the +4 robe of Augmentation (worn) {Str+4 Int+4 Dex+4}
   (You found it on level 6 of the Dungeon)

   Str:       It affects your strength (+4).
   Int:       It affects your intelligence (+4).
   Dex:       It affects your dexterity (+4).
 H - a +2 pair of gloves
 I - a +1 pair of boots
Jewellery
 h - an amulet of faith
 y - a ring of magical power (left hand)
 B - a +5 ring of evasion (right hand)
 J - a ring of ice
 L - a ring of wizardry
 N - an amulet of magic regeneration (around neck)
Talismans
 c - a beast talisman
 o - a maw talisman
Wands
 p - a wand of charming (9)
 E - a wand of flame (2)
 G - a wand of acid (3)
 K - a wand of mindburst (11)
 M - a wand of digging (2)
Scrolls
 d - 5 scrolls of teleportation
 g - 5 scrolls of immolation
 i - 4 scrolls of blinking
 j - a scroll of fear
 k - 2 scrolls of enchant armour
 l - 3 scrolls of enchant weapon
 n - 4 scrolls of fog
 r - a scroll of noise
 u - 2 scrolls of poison
 v - a scroll of brand weapon
 w - 7 scrolls of vulnerability
 x - 3 scrolls of summoning
 P - 3 scrolls of identify
Potions
 b - 2 potions of degeneration {unknown}
 e - 2 potions of magic {unknown}
 f - 4 potions of curing
 m - 2 potions of resistance
 q - 2 potions of enlightenment {unknown}
 s - 4 potions of haste
 t - a potion of ambrosia {unknown}
 z - a potion of cancellation {unknown}
 A - 2 potions of attraction {unknown}
 C - 2 potions of berserk rage {unknown}
 F - a potion of mutation {unknown}
 R - a potion of heal wounds {unknown}


   Skills:
 - Level 1.7 Fighting
 - Level 1.3 Dodging
 - Level 13.9 Unarmed Combat
 + Level 9.7 Shapeshifting


You had 10 spell levels left.
You didn't know any spells.
Your spell library contained the following spells:

 Spells                   Type           Power      Damage    Failure   Level
 Summon Small Mammal      Summ           0%         N/A       32%         1
 Cigotuvi's Dreadful Rot  Necr/Pois/Air  0%         N/A       45%         2
 Poisonous Vapours        Pois/Air       0%         N/A       45%         2
 Wereblood                Tmut           0%         N/A       45%         2
 Call Canine Familiar     Summ           0%         N/A       69%         3
 Ignite Poison            Fire/Tmut/Pois 0%         N/A       69%         3
 Mephitic Cloud           Conj/Pois/Air  0%         N/A       69%         3
 Summon Guardian Golem    Hex/Summ       0%         N/A       69%         3
 Sticky Flame             Conj/Fire      0%         2d3       97%         4
 Freezing Cloud           Conj/Ice/Air   0%         6-21      100%        5
 Irradiate                Conj/Tmut      0%         3d11      100%        5
 Ignition                 Fire           0%         3d3       100%        8


Dungeon Overview and Level Annotations

Branches:
Dungeon (12/15)            Temple (1/1) D:7            Lair (1/5) D:11
    Orc (0/2) D:9         Ossuary (visited)

Altars:
Ashenzari
Cheibriados
Elyvilon
Fedhas
Gozag
Hepliaklqana
Makhleb
Okawaru
Qazlal
Ru
Uskayaw
Wu Jian
Yredelemnul
Zin
The Shining One

Shops:
D:2 [*   D:3 [**=?   D:5 =   D:6 *   D:8 :   D:10 *   D:11 (


Innate Abilities, Weirdness & Mutations

You are a hulking beast.
Your limbs bulge with bestial killing power. (Slay +6)
You are completely covered in rugged brown scales. (AC +3, +7% HP)
Armour fits poorly on your strangely shaped body.
You have a long armoured tail.
You roll when moving toward enemies. (Rampage)
Your long tongue fully drains potion bottles. (2x potion effects)
Your tongue gives you trouble enunciating. (1.5x scroll delay)


Message History

Done exploring.
Done exploring.
There is a staircase to the Lair here.
You climb downwards.
Welcome back to the Lair of Beasts!
The cane toad barely misses you.
The komodo dragon completely misses you.
The cane toad stings you!
There is a staircase back to the Dungeon here.
The komodo dragon bites you. The cane toad stings you!
You are poisoned.
The cane toad poisons you!
You climb upwards.
Welcome back to the Dungeon!
You feel very sick.
There is a staircase to the Lair here.
You punch the cane toad! Your punch misses the cane toad.
The cane toad is moderately wounded.
You feel sick.
The komodo dragon bites you but does no damage.
The cane toad stings you but does no damage.
You barely miss the cane toad. You punch the cane toad!
The cane toad is heavily wounded.
You feel sick. The cane toad closely misses you. The komodo dragon bites you!!
* * * LOW HITPOINT WARNING * * *
You are too injured to fight recklessly!
Blink to where?
Press: ? - help, Dir - move target As you slowly read the scroll of blinking, it crumbles to dust.
You feel sick.
You feel sick.
You feel sick.
You feel sick.
You feel sick.
You feel sick.
There is a stone staircase leading down here.
You feel sick.
You are no longer poisoned.
You climb downwards.
The centaur shoots an arrow.
The arrow misses you.
The centaur shoots an arrow.
The arrow hits you!
You die...
Your body crumbles into a pile of gold.

#.. .e..# #####.#
.#..## # ...#$#
.^....
#.####.#.###..☼.#
#..>......c.....
#.....[..e..#
#...#.....#.#..
#..h...........
#.........#....
#......##.# #
....#.......#
#####.......#
#}......#
..##..###
######.#


You could see a deep elf pyromancer and a centaur.

Vanquished Creatures
  Harold (D:9)
  A catoblepas (D:9)
  3 two-headed ogres
  A deep elf pyromancer (D:9)
  2 ugly things (D:9)
  A black mamba (D:11)
  A cane toad (D:11)
  An unseen horror (D:10)
  3 kobold demonologists (D:9)
  A tengu conjurer (D:9)
  3 trolls (D:11)
  Grinder (D:6)
  A slime creature (D:9)
  2 wyverns
  A vampire (D:9)
  6 yaks
  3 wraiths
  2 basilisks (D:11)
  2 steam dragons
  Menkaure (D:5)
  A water moccasin (D:10)
  4 orc warriors (D:9)
  A sky beast (D:7)
  An ice beast (D:5)
  A black bear (D:6)
  An ogre (D:5)
  8 centaurs
  2 phantoms
  8 kobold brigands
  3 bullfrogs
  A gnoll sergeant (D:11)
  12 wights
  8 killer bees
  7 howler monkeys
  2 hounds
  3 orc priests
  2 jellies (D:6)
  5 iguanas
  3 sleepcaps
  Natasha (twice) (D:2)
  4 orc wizards
  2 mummies
  14 adders
  4 gnolls (D:11)
  A shadow imp (D:6)
  2 ufetubi
  2 dart slugs
  26 orcs
  9 ball pythons
  9 endoplasms
  3 giant cockroaches
  4 goblins
  5 hobgoblins
  16 kobolds
  2 quokkas
  8 bats
  3 frilled lizards
  4 gnoll skeletons (Ossuary)
  A goblin zombie (D:4)
  12 kobold skeletons (Ossuary)
  9 orc skeletons (Ossuary)
  A quokka zombie (D:4)
  2 rats
255 creatures vanquished.

Vanquished Creatures (others)
  A jelly (D:8)
1 creature vanquished.

Grand Total: 256 creatures vanquished

Notes
Turn   | Place    | Note
-------+----------+-------------------------------------------
     0 | D:1      | Nattfarinn the Armataur Shapeshifter began the quest for
                  | the Orb.
     0 | D:1      | Reached XP level 1. HP: 18/18 MP: 1/1
   173 | D:1      | Reached XP level 2. HP: 23/25 MP: 2/2
   754 | D:2      | Reached XP level 3. HP: 26/31 MP: 3/3
   791 | D:2      | Found Ylol's Assorted Antiques.
   988 | D:2      | Noticed Natasha
   997 | D:2      | Killed Natasha
   998 | D:2      | Reached XP level 4. HP: 16/38 MP: 4/4
  1311 | D:2      | Noticed Natasha
  1319 | D:2      | Killed Natasha
  1521 | D:2      | Reached XP level 5. HP: 43/43 MP: 5/5
  1741 | D:2      | Found Hugued's Armour Shop.
  1794 | D:3      | Found Puplea's General Store.
  1802 | D:3      | Bought 3 scrolls of identify for 60 gold pieces
  1842 | D:3      | Found Demaohar's Armour Shoppe.
  1867 | D:3      | Found Igren's Assorted Antiques.
  1967 | D:3      | Found an ornate altar of the Wu Jian Council.
  2015 | D:3      | Found an iron altar of Okawaru.
  2107 | D:3      | Found Guits's Jewellery Shoppe.
  2124 | D:3      | Found Paachaj's Magic Scroll Boutique.
  2133 | D:3      | Bought a scroll of enchant armour for 82 gold pieces
  2481 | D:4      | Reached skill level 5 in Shapeshifting
  2886 | D:4      | Found a sand-covered staircase.
  2903 | Ossuary  | Entered an ossuary
  2903 | Ossuary  | Noticed a wraith
  2903 | Ossuary  | Noticed a wraith
  2903 | Ossuary  | Noticed a wraith
  3118 | Ossuary  | Reached XP level 6. HP: 44/51 MP: 6/6
  3165 | Ossuary  | Noticed a wraith
  3174 | Ossuary  | Killed a wraith
  3864 | D:5      | Entered Level 5 of the Dungeon
  3868 | D:5      | Found a white marble altar of Elyvilon.
  4004 | D:5      | Found Kiw Iskuxt's One-of-a-Kind Rings.
  4210 | D:5      | Reached XP level 7. HP: 52/56 MP: 7/7
  4269 | D:5      | Found a burning altar of Makhleb.
  4299 | D:5      | Reached skill level 2 in Unarmed Combat
  4629 | D:5      | Noticed Menkaure
  4631 | D:5      | Reached skill level 3 in Unarmed Combat
  4636 | D:5      | HP: 3/84 [Menkaure (15)]
  4637 | D:5      | Killed Menkaure
  4643 | D:5      | Reached skill level 4 in Unarmed Combat
  4973 | D:6      | Found the +4 robe of Augmentation {Str+4 Int+4 Dex+4}
  5007 | D:6      | Noticed Grinder
  5031 | D:6      | Killed Grinder
  5032 | D:6      | Reached skill level 5 in Unarmed Combat
  5032 | D:6      | Reached XP level 8. HP: 30/64 MP: 8/8
  5261 | D:6      | Reached skill level 6 in Unarmed Combat
  5590 | D:6      | Found Tan Meli's General Store.
  5823 | D:7      | Reached skill level 7 in Unarmed Combat
  5887 | D:7      | Found a staircase to the Ecumenical Temple.
  5943 | Temple   | Entered the Ecumenical Temple
  5951 | Temple   | Became a worshipper of Gozag Ym Sagoz the Greedy
  6090 | D:7      | Reached skill level 8 in Unarmed Combat
  6255 | D:8      | Reached XP level 9. HP: 40/71 MP: 9/9
  6410 | D:8      | Reached skill level 9 in Unarmed Combat
  6598 | D:8      | Found a glowing silver altar of Zin.
  6599 | D:8      | Noticed an angel
  6652 | D:8      | Found a hide-covered altar of Uskayaw.
  6685 | D:8      | Found a stormy altar of Qazlal.
  6964 | D:8      | Found Jyjeix's Book Emporium.
  7136 | D:9      | Reached skill level 10 in Unarmed Combat
  7188 | D:9      | Noticed a kobold demonologist
  7188 | D:9      | Noticed a kobold demonologist
  7189 | D:9      | Noticed a red devil
  7194 | D:9      | Killed a kobold demonologist
  7206 | D:9      | Killed a kobold demonologist
  7207 | D:9      | Reached skill level 11 in Unarmed Combat
  7207 | D:9      | Noticed a catoblepas
  7211 | D:9      | Noticed a tengu conjurer
  7213 | D:9      | Noticed a cyan ugly thing
  7214 | D:9      | Noticed a white ugly thing
  7218 | D:9      | Killed a catoblepas
  7219 | D:9      | Reached XP level 10. HP: 51/78 MP: 10/10
  7251 | D:9      | Noticed an orange demon
  7647 | D:9      | Reached skill level 12 in Unarmed Combat
  7891 | D:9      | Killed a cyan ugly thing
  7897 | D:9      | Killed a white ugly thing
  7995 | D:9      | Noticed a deep elf pyromancer
  8000 | D:9      | Reached skill level 13 in Unarmed Combat
  8021 | D:9      | Killed a deep elf pyromancer
  8347 | D:9      | Noticed Harold
  8354 | D:9      | Killed Harold
  8405 | D:9      | Reached XP level 11. HP: 84/84 MP: 11/11
  8616 | D:9      | Found a blossoming altar of Fedhas.
  8616 | D:9      | Found a glowing golden altar of the Shining One.
  8701 | D:9      | Noticed a two-headed ogre
  8724 | D:9      | Killed a two-headed ogre
  8797 | D:9      | Found a staircase to the Orcish Mines.
  9183 | D:10     | Entered Level 10 of the Dungeon
  9198 | D:10     | Found Sauzotul's Serpentskin Sales.
  9308 | D:10     | Noticed a two-headed ogre
  9314 | D:10     | Killed a two-headed ogre
 10212 | D:11     | Noticed a two-headed ogre
 10218 | D:11     | Killed a two-headed ogre
 10437 | D:11     | Found a staircase to the Lair.
 10823 | D:11     | Found Jafayr's Antique Weapon Boutique.
 10829 | D:11     | Bought a bloodstained orcbow for 187 gold pieces
 10829 | D:11     | Identified the +5 orcbow of Iconoclasm {elec, Dex+2 SInv
                  | Stlth+} (You bought it in a shop on level 11 of the
                  | Dungeon)
 10918 | D:11     | Found a snail-covered altar of Cheibriados.
 11288 | D:12     | Noticed a deep elf pyromancer
 11362 | Lair:1   | Entered Level 1 of the Lair of Beasts
 11416 | D:11     | HP: 4/84 [black mamba (14)]
 11644 | D:12     | Shot with an arrow by a centaur

Illustrated notes

Levels and vault maps discovered:
D:1:      elethiomel_arrival_quiet, layout_loops_ring
D:2:      layout_loops_corners, serial_shops, shop,
          nicolae_shop_tiny_real_fake_doors, roderic_three_in_a_row,
          uniq_natasha
D:3:      layout_basic, nicolae_wu_jian_immortal_techniques,
          mainiacjoe_overflow_six_doors_small, serial_shops, shop, shop, shop,
          shop, shop, small_statue_alley_b, amethyst_killhole,
          chequers_serial_rivers_room_b
D:4:      layout_basic, enter_ossuary_4, interstate_on_off,
          dreamdust_princess_corridor
D:5:      layout_rooms, mainiacjoe_overflow_cross_hatched,
          mainiacjoe_overflow_alcove_2, nicolae_shop_unique_rings,
          serial_bayou_ford_a, hangedman_decor_peaks_small, uniq_menkaure
D:6:      layout_basic, serial_shops, shop, uniq_grinder
D:7:      layout_rooms, minmay_temple_entry_mist
D:8:      layout_basic, grunt_qazlal_clouds, old_standard_altar, zin_angel,
          serial_shops, shop
D:9:      minmay_the_grid_four_pointed_star
          [minmay_the_grid_triangle_9x9_skeleton,
          minmay_the_grid_triangle_9x9_longest,
          minmay_the_grid_triangle_9x9_corruption,
          minmay_the_grid_triangle_9x9_checkered,
          minmay_the_grid_prize_inner_circle], layout_gridville,
          mainiacjoe_overflow_divided_tiny, hiddenorc1_lemuel, uniq_harold
D:10:     layout_roguey, guppyfry_shop_venom
D:11:     lemuel_slime, layout_grid_maze, david_lair_generic, serial_shops,
          nicolae_shop_statue_plus, slow_altar_1
D:12:     minmay_smoke_and_mirrors, layout_basic
Temple:   nicolae_temple_bog_church
Lair:1:   layout_chaotic_city, gammafunk_ghost_ooze, serial_bayou_pond_e,
          lemuel_fruit_tree, grunt_megastairs_4

Skill      XL: |  1  2  3  4  5  6  7  8  9 10 11 |
---------------+----------------------------------+-----
Shapeshifting  | 3 4 5 6 9 |  9.7
Unarmed Combat | 5 8 11 13 | 13.9
Fighting       | |  1.7
Dodging        | |  1.3

Action                     |  1- 3 |  4- 6 |  7- 9 | 10-12 || total
---------------------------+-------+-------+-------+-------++-------
  Melee: Unarmed           |    72 |   172 |   174 |   235 ||   653
         Tailslap          |     9 |    29 |    34 |    46 ||   118
         Punch             |     2 |     1 |     3 |    25 ||    31
  Evoke: Wand              |       |       |     5 |       ||     5
    Use: Scroll            |       |     8 |       |    10 ||    18
         Potion            |       |     2 |     2 |     1 ||     5
   Stab: Sleeping          |     1 |     2 |     1 |     1 ||     5
         Distracted        |     1 |       |       |     3 ||     4
 Armour: Animal skin       |    18 |    51 |     4 |       ||    73
         Skin              |       |     4 |     5 |       ||     9
         Robe              |       |       |    42 |    43 ||    85
  Dodge: Dodged            |    22 |    55 |    84 |   139 ||   300

Table legend: (Time is in decaauts)
 A = Elapsed time spent in this place.
 B = Non-inter-level travel time spent in this place.
 C = Inter-level travel time spent in this place.
 D = Time resting spent in this place.
 E = Time spent auto-exploring this place.
 F = Levels seen in this place.
 G = Mean time per level.
                   A        B        C        D        E       F      G
               +--------+--------+--------+--------+--------+-----+--------+
         Total |  11566 |  11035 |    531 |   1240 |   8312 |  15 |  771.1 |
       Dungeon |  11074 |  10559 |    515 |   1003 |   8185 |  12 |  922.8 |
        Temple |     16 |      1 |     15 |      0 |      0 |   1 |   16.0 |
          Lair |      9 |      9 |      0 |      0 |      0 |   1 |    9.0 |
       Ossuary |    466 |    466 |      0 |    237 |    127 |   1 |  466.0 |
               +--------+--------+--------+--------+--------+-----+--------+

Top non-repeatable levels by time:
     D:9: 1679 daAuts
    D:11: 1441 daAuts
     D:8: 1252 daAuts
     D:5: 1105 daAuts
     D:2: 1103 daAuts
    D:10: 972 daAuts
     D:4: 962 daAuts
     D:6: 816 daAuts
     D:1: 687 daAuts
     D:3: 639 daAuts
 Ossuary: 466 daAuts
     D:7: 404 daAuts
  Temple: 16 daAuts
  Lair:1: 9 daAuts
    D:12: 8 daAuts
